 Dungeon Crawl Stone Soup version 0.30-a0-757-ga6a79fd877 (webtiles) character file.

Game seed: 12162631332028006529

5 theblackgale the Firebug (level 1, -4/1 HPs)
             Began as a Demonspawn Fire Elementalist on Feb 9, 2023.
             Killed from afar by a dart slug (5 damage)
             ... with a slug dart
             ... on level 1 of the Dungeon.
             The game lasted 00:05:16 (9023 turns).

theblackgale the Firebug (DsFE)                     Turns: 9023, Time: 00:05:17

Health: -4/1       AC:  2    Str:  8    XL:     1   Next: 66%
Magic:  3/3        EV: 12    Int: 16    God:
Gold:   5          SH:  0    Dex: 13    Spells: 3/4 levels left

rFire   . . .      SeeInvis .    (no weapon)
rCold   . . .      Faith    .    (no shield)
rNeg    . . .      Spirit   .    a - +0 robe
rPois   .          Reflect  .    (no helmet)
rElec   .          Harm     .    (no cloak)
rCorr   .          Rampage  .    (no gloves)
Will    .....                    (no boots)
Stlth   ++                       (no amulet)
HPRegen 0.20/turn                (no ring)
MPRegen 0.08/turn                (no ring)

@: bezotted
A: no striking features
a: no special abilities


You were on level 1 of the Dungeon.
You visited 1 branch of the dungeon, and saw 1 of its levels.

You collected 5 gold pieces.

Inventory:

Missiles
 c - 6 datura-tipped darts (quivered)
Armour
 a - a +0 robe (worn)
Potions
 b - a potion of magic


   Skills:
 + Level 2.0 Dodging
 + Level 1.9 Stealth
 + Level 2.1 Spellcasting
 + Level 1.0 Conjurations
 + Level 2.7 Fire Magic


You had 3 spell levels left.
You knew the following spells:

 Your Spells              Type           Power      Damage    Failure   Level
a - Foxfire               Conj/Fire      28%        2x1d5     10%         1

Your spell library contained the following spells:

 Spells                   Type           Power      Damage    Failure   Level
 Scorch                   Fire           20%        2d6       10%         2
 Inner Flame              Hex/Fire       6%         N/A       34%         3
 Kindle Blastsparks       Fire/Tloc/Air  8%         2d10      38%         3
 Flame Wave               Conj/Fire      7%         2d5       67%         4


Dungeon Overview and Level Annotations

Branches:
Dungeon (1/15) Zot: 976

Altars:


Message History

You start waiting.
Done waiting.
Really rest while Zot is near?
You start waiting.
Done waiting.
Zot draws nearer.
Dive deeper or flee this branch before you suffer!
Really rest while Zot is near?
You start waiting.
Done waiting.
Really rest while Zot is near?
You start waiting.
Done waiting.
Really rest while Zot is near? [Y]es or [N]o only, please.
Really rest while Zot is near?
Uppercase [Y]es or [N]o only, please.
Really rest while Zot is near?
You start waiting.
Done waiting.
Really rest while Zot is near?
You start waiting.
Done waiting.
Zot has nearly found you.
Suffering is imminent.
Descend or flee this branch!
Really rest while Zot is near?
You start waiting.
Zot's power touches on you...
You have lingered too long.
Zot senses you.
Dive deeper or flee this branch before you suffer!
You open the door.
Found 5 gold pieces.
There is an open door here.
A dart slug and an endoplasm come into view.
You see here 5 gold pieces.
You now have 5 gold pieces.
A ball python comes into view.
The dart slug briefly extends its eye-stalks.
The ball python hisses angrily.
The dart slug launches a dart at you. The slug dart hits you.
Ouch! That really hurt!
You die...

#.#.# ####'#.#
#....(.# # #######
#......## ..#⌠#...##
#........ ...#.....#
#........
..........##
####.##..
.......S#..## #.# #+
......w@##..#######.#
............^##.....#
≈≈≈≈≈≈.......##.....#
≈####≈≈.......'.....#
##≈......##....##
#≈.....###....#
#≈....#⌠ #.####
#≈.....###.#
#≈≈...... #.#


You could see a dart slug and a ball python.

Vanquished Creatures
  2 giant cockroaches (D:1)
  A ball python (D:1)
  2 frilled lizards (D:1)
5 creatures vanquished.

Vanquished Creatures (collateral kills)
  A rat (D:1)
1 creature vanquished.

Vanquished Creatures (others)
  16 foxfires (D:1)
16 creatures vanquished.

Grand Total: 22 creatures vanquished

Notes
Turn   | Place    | Note
-------+----------+-------------------------------------------
     0 | D:1      | theblackgale the Demonspawn Fire Elementalist began the
                  | quest for the Orb.
     0 | D:1      | Reached XP level 1. HP: 13/13 MP: 3/3
  5000 | D:1      | Glimpsed the power of Zot.
  5500 | D:1      | Glimpsed the power of Zot.
  5900 | D:1      | Glimpsed the power of Zot.
  5999 | D:1      | Touched by the power of Zot.
  6000 | D:1      | Glimpsed the power of Zot.
  6500 | D:1      | Glimpsed the power of Zot.
  6900 | D:1      | Glimpsed the power of Zot.
  6999 | D:1      | Touched by the power of Zot.
  7000 | D:1      | Glimpsed the power of Zot.
  7500 | D:1      | Glimpsed the power of Zot.
  7900 | D:1      | Glimpsed the power of Zot.
  7999 | D:1      | Touched by the power of Zot.
  8000 | D:1      | Glimpsed the power of Zot.
  8500 | D:1      | Glimpsed the power of Zot.
  8900 | D:1      | Glimpsed the power of Zot.
  8999 | D:1      | Touched by the power of Zot.
  9000 | D:1      | Glimpsed the power of Zot.
  9023 | D:1      | Killed from afar by a dart slug

Illustrated notes

Levels and vault maps discovered:
D:1:      wander_arrival_fairy_ring, layout_basic, kennysheep_decorative_pillar

Skill      XL: |  1 |
---------------+----+-----
Dodging        | 2 |  2.0
Stealth        | |  1.9
Spellcasting   | |  2.1
Conjurations   | |  1.0
Fire Magic     | |  2.7

Action                     || total
---------------------------++-------
  Melee: Unarmed           ||    10
  Throw: Dart              ||     2
   Cast: Foxfire           ||    10
    Use: Potion            ||     2
 Armour: Robe              ||     2
  Dodge: Dodged            ||    18

Table legend: (Time is in decaauts)
 A = Elapsed time spent in this place.
 B = Non-inter-level travel time spent in this place.
 C = Inter-level travel time spent in this place.
 D = Time resting spent in this place.
 E = Time spent auto-exploring this place.
 F = Levels seen in this place.
 G = Mean time per level.
                   A        B        C        D        E       F      G
               +--------+--------+--------+--------+--------+-----+--------+
         Total |   9023 |   8839 |    184 |   8763 |      0 |   1 | 9023.0 |
       Dungeon |   9023 |   8839 |    184 |   8763 |      0 |   1 | 9023.0 |
               +--------+--------+--------+--------+--------+-----+--------+

Top non-repeatable levels by time:
     D:1: 9023 daAuts
